 Dungeon Crawl Stone Soup version 0.30-a0-422-g946f4849ff (webtiles) character file.

Game seed: 3110130839084253371

78 cforsyth the Chopper (level 4, -2/41 HPs)
             Began as a Hill Orc Monk on Dec 9, 2022.
             Slain by a gnoll
             ... wielding a +0 flail
              (6 damage)
             ... on level 2 of the Dungeon.
             The game lasted 00:03:31 (1824 turns).

cforsyth the Chopper (Hill Orc Monk)                Turns: 1824, Time: 00:03:32

Health: -2/41      AC:  3    Str: 15    XL:     4   Next: 36%
Magic:  4/4        EV:  8    Int: 10    God:
Gold:   87         SH: 11    Dex: 13    Spells: 3/3 levels left

rFire   . . .      SeeInvis .    a - +0 hand axe
rCold   . . .      Faith    .    k - +0 tower shield
rNeg    . . .      Spirit   .    b - +0 robe
rPois   .          Reflect  .    h - +0 helmet
rElec   .          Harm     .    (no cloak)
rCorr   .          Rampage  .    (no gloves)
Will    .....                    (no boots)
Stlth   ++........               (no amulet)
HPRegen 0.26/turn                (no ring)
MPRegen 0.09/turn                (no ring)

@: mighty
A: no striking features
a: no special abilities


You were on level 2 of the Dungeon.
You visited 1 branch of the dungeon, and saw 2 of its levels.

You collected 87 gold pieces.

Inventory:

Hand Weapons
 a - a +0 hand axe (weapon)
Armour
 b - a +0 robe (worn)
 h - a +0 helmet (worn)
 k - a +0 tower shield (worn)
Jewellery
 e - a +6 ring of strength
 i - a +4 ring of evasion
 j - a +6 ring of intelligence
Scrolls
 f - 4 scrolls of identify {unknown}
 g - 2 scrolls of blinking {unknown}
 l - a scroll of summoning {unknown}
 n - 2 scrolls of teleportation {unknown}
Potions
 c - a potion of ambrosia
 d - a potion of mutation {unknown}
 m - a potion of invisibility {unknown}
 p - a potion of attraction {unknown}


   Skills:
 + Level 4.7 Fighting
 + Level 5.2 Axes
 - Level 2.4 Dodging
 - Level 1.5 Stealth
 + Level 1.6 Shields


You had 3 spell levels left.
You didn't know any spells.
Your spell library contained the following spells:

 Spells                   Type           Power      Damage    Failure   Level
 Beastly Appendage        Tmut           0%         N/A       99%         1
 Wereblood                Tmut           0%         N/A       100%        2
 Spider Form              Tmut/Pois      0%         N/A       100%        3


Dungeon Overview and Level Annotations

Branches:
Dungeon (2/15)

Altars:

Shops:
D:1 :


Message History

The gnoll hits you with a +0 flail!
* * * LOW HITPOINT WARNING * * *
Unknown command.
Unknown command.
You hit the gnoll.
You kill the gnoll!
Unknown command.
Unknown command.
Unknown command.
You closely miss the gnoll.
The gnoll is moderately wounded.
The gnoll closely misses you.
Unknown command.
Unknown command.
Unknown command.
Unknown command.
Unknown command.
It was a potion of might.
You feel very mighty all of a sudden. You block the gnoll's attack.
You slash the gnoll!
The gnoll is almost dead.
You block the gnoll's attack.
Unknown command.
Unknown command.
Unknown command.
You hit the gnoll.
You kill the gnoll!
Unknown command.
Unknown command.
Unknown command.
You slash the gnoll!
The gnoll is almost dead.
The gnoll barely misses you. You block the gnoll's attack.
Unknown command.
Unknown command.
You barely miss the gnoll.
The gnoll is almost dead.
The gnoll hits you with a +0 flail.
You die...

........#.#......#
.#####..#........#
.'>.....#........#
.######.#......###
.# #.##.##########
## #.##.# #......#
#.##.###.####.# ##
#.##.....#....#
...
#.......##@####
##. #######.##g##
#....)...#
#....#####
######....#
..........#
#....#####.#+##
.... #. #### ..


You could see a gnoll.

Vanquished Creatures
  2 gnolls (D:2)
  2 adders (D:2)
  A worm (D:2)
  2 dart slugs
  3 endoplasms
  2 giant cockroaches
  3 hobgoblins
  2 quokkas
  6 ball pythons
  A bat (D:1)
  4 frilled lizards
  4 goblins
  5 rats
37 creatures vanquished.

Notes
Turn   | Place    | Note
-------+----------+-------------------------------------------
     0 | D:1      | cforsyth the Hill Orc Monk began the quest for the Orb.
     0 | D:1      | Reached XP level 1. HP: 19/19 MP: 1/1
   160 | D:1      | Reached XP level 2. HP: 25/27 MP: 2/2
   831 | D:1      | Found Sishras's Book Shop.
  1102 | D:2      | Reached XP level 3. HP: 33/33 MP: 3/3
  1238 | D:2      | Reached skill level 1 in Shields
  1548 | D:2      | Reached skill level 5 in Axes
  1548 | D:2      | Reached XP level 4. HP: 24/41 MP: 4/4
  1815 | D:2      | HP: 1/41 [gnoll/+0 flail (7)]
  1824 | D:2      | Slain by a gnoll

Illustrated notes

Levels and vault maps discovered:
D:1:      lemuel_arrival_river_ford, layout_basic, serial_shops, shop,
          minmay_unequal
D:2:      layout_basic, nicolae_eternal_life

Skill      XL: |  1  2  3 |
---------------+----------+-----
Fighting       | 4 |  4.7
Shields        | 1 |  1.6
Axes           | 5 |  5.2
Dodging        | |  2.4
Stealth        | |  1.5

Action                   |  1- 3 |  4- 6 || total
-------------------------+-------+-------++-------
Melee: Hand axe          |   128 |    14 ||   142
  Use: Potion            |       |     1 ||     1
 Stab: Sleeping          |     2 |       ||     2
Armor: Robe              |    41 |       ||    41
Dodge: Dodged            |    58 |     2 ||    60
Block: Tower shield      |    40 |     6 ||    46

Table legend: (Time is in decaauts)
 A = Elapsed time spent in this place.
 B = Non-inter-level travel time spent in this place.
 C = Inter-level travel time spent in this place.
 D = Time resting spent in this place.
 E = Time spent auto-exploring this place.
 F = Levels seen in this place.
 G = Mean time per level.
                   A        B        C        D        E       F      G
               +--------+--------+--------+--------+--------+-----+--------+
         Total |   1877 |   1855 |     22 |      0 |   1494 |   2 |  938.5 |
       Dungeon |   1877 |   1855 |     22 |      0 |   1494 |   2 |  938.5 |
               +--------+--------+--------+--------+--------+-----+--------+

Top non-repeatable levels by time:
     D:1: 1087 daAuts
     D:2: 789 daAuts
